 Dungeon Crawl Stone Soup version 0.30-a0-726-gd89dcf765f (webtiles) character file.

Game seed: 1700085317723918889

10 scionoferis the Vexing (level 2, 0/22 HPs)
             Began as a Demigod Hexslinger on Jan 29, 2023.
             Slain by a goblin
             ... wielding a +0 dagger
              (3 damage)
             ... on level 1 of the Dungeon.
             The game lasted 00:00:39 (391 turns).

scionoferis the Vexing (Demigod Hexslinger)          Turns: 391, Time: 00:00:40

Health: 0/22       AC:  2    Str: 11    XL:     2   Next: 0%
Magic:  4/5        EV: 12    Int: 15    God:
Gold:   34         SH:  0    Dex: 14    Spells: 2/3 levels left

rFire   . . .      SeeInvis .    a - +1 sling
rCold   . . .      Faith    .    (no shield)
rNeg    . . .      Spirit   .    c - +0 robe
rPois   .          Reflect  .    (no helmet)
rElec   .          Harm     .    (no cloak)
rCorr   .          Rampage  .    (no gloves)
Will    .....                    (no boots)
Stlth   ++                       (no amulet)
HPRegen 0.23/turn                (no ring)
MPRegen 0.09/turn                (no ring)

@: very slightly contaminated
A: high MP 1, forlorn, divine attributes
a: no special abilities


You were on level 1 of the Dungeon.
You visited 1 branch of the dungeon, and saw 1 of its levels.

You collected 34 gold pieces.


Innate Abilities, Weirdness & Mutations

You have an increased reservoir of magic. (+10% MP)
You shall have no god before yourself.
Your divine heritage dramatically boosts your attributes as you level up.


   Skills:
 - Level 0.8 Fighting
 * Level 2.2 Ranged Weapons
 + Level 2.0 Dodging
 + Level 0.6 Stealth
 - Level 1.0 Spellcasting
 - Level 2.6 Hexes


You had 2 spell levels left.
You knew the following spells:

 Your Spells              Type           Power      Damage    Failure   Level
a - Slow                  Hex            32%        N/A       9%          1

Your spell library contained the following spells:

 Spells                   Type           Power      Damage    Failure   Level
 Inner Flame              Hex/Fire       4%         N/A       38%         3
 Portal Projectile        Hex/Tloc       8%         N/A       38%         3
 Cause Fear               Hex            4%         N/A       63%         4

Inventory:

Hand Weapons
 a - a +1 sling (weapon)
Armour
 c - a +0 robe (worn)
Scrolls
 b - a scroll of poison
 e - a scroll of silence {unknown}
 f - a scroll of noise {unknown}
 g - a scroll of fog {unknown}
 h - a scroll of blinking {unknown}
 k - a scroll of identify {unknown}
Potions
 d - a potion of degeneration {unknown}
 i - 2 potions of curing {unknown}
 j - a potion of ambrosia {unknown}

Dungeon Overview and Level Annotations

Branches:
Dungeon (1/15)

#.........###.#...#
#.................#
#..........##.#...#
###........>#.#....
###....###.........
#.#...............#
#.#...........###.#
#g#...........###.#
#.@...........##...
#.###.##+##.#.....#
#.......#
#.....).##
####.....
........#. #......
..........
#.................
#...............#.
#...............#.
.........###......


You could see a goblin.


Message History

Welcome, scionoferis the Demigod Hexslinger.
Everyone else who sought the Orb of Zot has failed.
Will you be different?
Press ? for a list of commands and other information.
Found a red potion.
Found a staircase leading out of the dungeon.
d - a red potion You open the door.
There is an open door here.
A frilled lizard comes into view.
You shoot a sling bullet.
The sling bullet hits the frilled lizard.
The frilled lizard hisses angrily.
The frilled lizard is heavily wounded.
You shoot a sling bullet.
The sling bullet hits the frilled lizard.
You kill the frilled lizard!
No target in view!
No target in view!
A kobold comes into view. It is wielding a +0 dagger.
You shoot a sling bullet. The sling bullet hits the kobold!
You kill the kobold!
No target in view!
No target in view!
Found 3 stones.
A dart slug comes into view.
You shoot a sling bullet. The sling bullet hits the dart slug.
The dart slug is severely wounded.
You shoot a sling bullet. The sling bullet hits the dart slug.
You kill the dart slug!
Your Ranged Weapons skill increases to level 2!
No target in view!
No target in view!
You see here a dart slug corpse.
You now have 2 gold pieces.
e - a scroll labelled WOCEUM JANISE
f - a scroll labelled RIGAIXEISO
Found a stone staircase leading down.
There is a stone staircase leading down here.
g - a scroll labelled KAOMA YHIYNIUM
h - a scroll labelled ANEUNK ZONTO You open the door.
There is an open door here.
You open the door.
There is an open door here.
You now have 15 gold pieces (gained 13).
i - a glowing orange potion
Found a dagger.
No target in view!
You see here a +0 dagger.
A goblin comes into view. It is wielding a +0 club.
The goblin shouts!
You hear an angry hiss.
A frilled lizard comes into view.
The goblin moves out of view.
You shoot a sling bullet.
The sling bullet barely misses the frilled lizard.
You shoot a sling bullet.
The sling bullet barely misses the frilled lizard.
You shoot a sling bullet.
The sling bullet barely misses the goblin.
The sling bullet misses the frilled lizard.
You shoot a sling bullet. The sling bullet hits the goblin.
The goblin is moderately wounded.
You shoot a sling bullet. The sling bullet hits the goblin.
You kill the goblin!
The frilled lizard hisses.
You shoot a sling bullet.
The sling bullet hits the frilled lizard but does no damage.
The frilled lizard bites you.
You shoot a sling bullet.
The sling bullet hits the frilled lizard.
You kill the frilled lizard!
No target in view!
No target in view!
HP restored.
A kobold comes into view. It is wielding a +0 short sword.
Found 10 gold pieces.
The kobold shouts!
You shoot a sling bullet.
The sling bullet barely misses the kobold.
You shoot a sling bullet.
The sling bullet closely misses the kobold.
The kobold barely misses you.
You shoot a sling bullet.
The sling bullet barely misses the kobold.
The kobold closely misses you.
You shoot a sling bullet.
The sling bullet hits the kobold but does no damage.
The kobold hits you but does no damage.
You shoot a sling bullet.
The sling bullet closely misses the kobold.
The kobold hits you with a +0 short sword.
The kobold closely misses you.
A kobold comes into view. It is wielding a +0 club.
You shoot a sling bullet. The sling bullet hits the kobold.
The kobold is severely wounded.
The kobold hits you with a +0 short sword.
You shoot a sling bullet. The sling bullet hits the kobold.
You kill the kobold!
You shoot a sling bullet.
The sling bullet closely misses the kobold.
The kobold barely misses you.
You shoot a sling bullet.
The sling bullet hits the kobold but does no damage.
The kobold hits you but does no damage.
You shoot a sling bullet. The sling bullet hits the kobold.
You kill the kobold!
Your Dodging skill increases to level 2!
No target in view!
You now have 25 gold pieces (gained 10).
You now have 27 gold pieces (gained 2).
j - a fizzy red potion You open the door.
There is an open door here.
i - 2 glowing orange potions (gained 1)
Found a stone staircase leading down.
You now have 34 gold pieces (gained 7).
Found a stone staircase leading down.
A goblin comes into view. It is wielding a +0 dagger.
You shoot a sling bullet. The sling bullet hits the goblin.
You kill the goblin!
You have reached level 2!
k - a scroll labelled USODAGH XAORGH A goblin comes into view.
It is wielding a +0 dagger.
The goblin shouts!
You shoot a sling bullet. The sling bullet misses the goblin.
The goblin closely misses you.
You shoot a sling bullet.
The sling bullet barely misses the goblin.
The goblin barely misses you.
You shoot a sling bullet.
The sling bullet closely misses the goblin.
The goblin hits you with a +0 dagger.
You shoot a sling bullet. The sling bullet misses the goblin.
The goblin misses you. The goblin hits you with a +0 dagger.
You shoot a sling bullet. The sling bullet hits the goblin.
The goblin is heavily wounded.
The goblin hits you but does no damage.
You shoot a sling bullet.
The sling bullet hits the goblin but does no damage.
The goblin is heavily wounded.
The goblin hits you with a +0 dagger.
You shoot a sling bullet.
The sling bullet barely misses the goblin.
The goblin barely misses you. The goblin hits you with a +0 dagger.
You shoot a sling bullet.
The sling bullet closely misses the goblin.
The goblin hits you with a +0 dagger.
You are too injured to fight recklessly!
You are too injured to fight recklessly!
You are too injured to fight recklessly!
You are too injured to fight recklessly!
You are too injured to fight recklessly!
Aiming: Slow (safe; 9% risk of failure)
Press: ? - help, Q - select action, (/) - cycle Shift-Dir - straight line, f/p - goblin
Aim: a goblin, wielding a +0 dagger (heavily wounded, chance to affect: 59%)
You miscast Slow.
You are very lightly contaminated with residual magic.
Nothing appears to happen.
The goblin hits you with a +0 dagger.
Unknown command.
Fire: a) +1 sling
Press: ? - help, Q - select action, (/) - cycle Shift-Dir - straight line, f/p - goblin
Aim: a goblin, wielding a +0 dagger (heavily wounded, 50% to hit)
You shoot a sling bullet.
The sling bullet closely misses the goblin.
The goblin closely misses you.
Fire: a) +1 sling
Press: ? - help, Q - select action, (/) - cycle Shift-Dir - straight line, f/p - goblin
Aim: a goblin, wielding a +0 dagger (heavily wounded, 50% to hit)
You shoot a sling bullet.
The sling bullet barely misses the goblin.
The goblin misses you.
Fire: a) +1 sling
Press: ? - help, Q - select action, (/) - cycle Shift-Dir - straight line, f/p - goblin
Aim: a goblin, wielding a +0 dagger (heavily wounded, 50% to hit)
You shoot a sling bullet.
The sling bullet closely misses the goblin.
The goblin hits you with a +0 dagger. x2
* * * LOW HITPOINT WARNING * * *
Fire: a) +1 sling
Press: ? - help, Q - select action, (/) - cycle Shift-Dir - straight line, f/p - goblin
Aim: a goblin, wielding a +0 dagger (heavily wounded, 50% to hit)
You shoot a sling bullet.
The sling bullet barely misses the goblin.
The goblin hits you with a +0 dagger.
You die...

Skill      XL: |  1 |
---------------+----+-----
Ranged Weapons | 2 |  2.2
Dodging        | 2 |  2.0
Fighting       | |  0.8
Stealth        | |  0.6
Spellcasting   | |  1.0
Hexes          | |  2.6

Action                     || total
---------------------------++-------
   Fire: Sling             ||    35
 Armour: Robe              ||     3
  Dodge: Dodged            ||    10

Levels and vault maps discovered:
D:1:      nzn_arrival_crosshair, layout_basic

Notes
Turn   | Place    | Note
-------+----------+-------------------------------------------
     0 | D:1      | scionoferis the Demigod Hexslinger began the quest for the
                  | Orb.
     0 | D:1      | Reached XP level 1. HP: 15/15 MP: 4/4
    30 | D:1      | Reached skill level 2 in Ranged Weapons
   190 | D:1      | Reached skill level 2 in Dodging
   337 | D:1      | Reached XP level 2. HP: 22/22 MP: 5/5
   391 | D:1      | Slain by a goblin

Vanquished Creatures
  A dart slug (D:1)
  2 goblins (D:1)
  2 frilled lizards (D:1)
  3 kobolds (D:1)
8 creatures vanquished.

Table legend: (Time is in decaauts)
 A = Elapsed time spent in this place.
 B = Non-inter-level travel time spent in this place.
 C = Inter-level travel time spent in this place.
 D = Time resting spent in this place.
 E = Time spent auto-exploring this place.
 F = Levels seen in this place.
 G = Mean time per level.
                   A        B        C        D        E       F      G
               +--------+--------+--------+--------+--------+-----+--------+
         Total |    401 |    401 |      0 |      0 |    336 |   1 |  401.0 |
       Dungeon |    401 |    401 |      0 |      0 |    336 |   1 |  401.0 |
               +--------+--------+--------+--------+--------+-----+--------+

Top non-repeatable levels by time:
     D:1: 401 daAuts

Table legend:
 A = Non-vault XP
 B = Vault XP
 C = Vault XP percentage of total XP
 D = Non-vault monster count
 E = Vault monster count
 F = Vault count percentage of total count
                 A         B        C        D         E       F
            +---------+---------+-------+---------+---------+-------
      Total |      15 |       0 |   0.0 |       8 |       0 |   0.0
            +---------+---------+-------+---------+---------+-------
        D:1 |      15 |       0 |   0.0 |       8 |       0 |   0.0
            +---------+---------+-------+---------+---------+-------
